 Dungeon Crawl Stone Soup version 0.26-a0-579-g3afe4966bf (webtiles) character file.

Game seed: 17994084986956142503

349114 ANON1729 the Warrior (level 21, -5/172 HPs)
             Began as a Demonspawn Gladiator on Aug 22, 2020.
             Was the Champion of Dithmenos.
             Slain by an ice dragon (14 damage)
             ... while paralysed by a floating eye
             ... on level 3 of the Vaults.
             The game lasted 02:19:43 (38385 turns).

ANON1729 the Warrior (Demonspawn Gladiator)        Turns: 38385, Time: 02:19:44

Health: -5/172     AC: 10    Str: 19    XL:     21   Next: 24%
Magic:  32/32      EV:  2    Int:  9    God:    Dithmenos [******]
Gold:   1628       SH:  0    Dex: 19    Spells: 24/34 levels left

rFire    . . .     SeeInvis +   P - +9 long sword (vamp)
rCold    . . .     Faith    .   (no shield)
rNeg     + . .     Spirit   .   N - +4 troll leather armour
rPois    +         Reflect  .   D - +1 hat
rElec    +         Harm     .   a - scarf {shadows}
rCorr    +                      t - +0 pair of gloves
MR       +....                  (boots unavailable)
Stlth    ++++++....             W - amulet of regeneration
HPRegen  3.18/turn              S - ring of Ugasu {+Inv rElec rPois rCorr Int-2}
MPRegen  0.23/turn              y - ring "Vabren" {MR+ SInv}

@: paralysed, vulnerable, wreathed by umbra, studying Fire Magic, lightly
drained, repel missiles
A: talons 3, repulsion field 3, negative energy resistance 1, powered by death
2, spiny 3
}: 2/15 runes: decaying, gossamer
a: Shadow Step, Shadow Form, Renounce Religion, Evoke Invisibility


You were on level 3 of the Vaults.
You worshipped Dithmenos.
Dithmenos was exalted by your worship.
You visited 8 branches of the dungeon, and saw 36 of its levels.
You visited the Abyss 1 time.
You visited 1 bazaar.

You collected 4527 gold pieces.
You spent 2899 gold pieces at shops.

Inventory:

Hand Weapons
 c - a +4 scimitar of flaming
 O - the +7 falchion "Sasseah" {vamp, *Slow +Fly Str+4}
   (You found it on level 7 of the Dungeon)

   It inflicts no extra harm, but heals its wielder when it wounds a living foe.
   It affects your strength (+4).
   It lets you fly.
   It may slow you when you take damage.
 P - a +9 vampiric long sword (weapon)
Armour
 a - a scarf of shadows (worn)
 t - a +0 pair of gloves (worn)
 D - a +1 hat (worn)
 N - a +4 troll leather armour (worn)
 T - the +1 robe of Prudence {rF- rN+ rCorr}
   (You found it on level 3 of the Lair of Beasts)

   It makes you vulnerable to fire.
   It protects you from negative energy.
   It provides partial protection from all sources of acid and corrosion.
Jewellery
 y - the ring "Vabren" (right hand) {MR+ SInv}
   (You found it on level 5 of the Dungeon)

   [ring of protection from magic]

   It affects your resistance to hostile enchantments.
   It lets you see invisible.
 S - the ring of Ugasu (left hand) {+Inv rElec rPois rCorr Int-2}
   (You found it on level 1 of the Swamp)

   [ring of resist corrosion]

   It affects your intelligence (-2).
   It insulates you from electricity.
   It protects you from poison.
   It lets you turn invisible.
   It provides partial protection from all sources of acid and corrosion.
 V - an uncursed amulet of reflection
 W - an amulet of regeneration (around neck)
 X - the ring "Duem" {rElec rF+ Str+3 Dex+2}
   (You bought it in a shop on level 2 of the Orcish Mines)

   [ring of protection from fire]

   It affects your strength (+3).
   It affects your dexterity (+2).
   It protects you from fire.
   It insulates you from electricity.
 Y - an uncursed ring of protection from cold
Wands
 d - a wand of enslavement (12)
 z - a wand of paralysis (27)
 G - a wand of acid (11)
 M - a wand of digging (7)
 R - a wand of flame (138)
 Z - a wand of iceblast (14)
Scrolls
 e - 4 scrolls of identify
 f - 2 scrolls of enchant armour
 k - 3 scrolls of fog
 l - 5 scrolls of magic mapping
 m - 16 scrolls of remove curse
 o - 8 scrolls of teleportation
 u - 8 scrolls of amnesia
 w - 6 scrolls of enchant weapon
 C - 3 scrolls of immolation
 H - a scroll of torment
 I - 8 scrolls of fear
 J - 8 scrolls of blinking
 U - 2 scrolls of summoning
Potions
 b - a potion of magic
 g - 7 potions of lignification
 h - 5 potions of mutation
 i - 4 potions of ambrosia
 j - 3 potions of cancellation
 n - 8 potions of haste
 q - 6 potions of brilliance
 r - 6 potions of might
 s - 18 potions of curing
 v - a potion of invisibility
 x - 7 potions of heal wounds
 B - 4 potions of stabbing
 E - 5 potions of flight
 K - a potion of resistance
 L - a potion of berserk rage
Books
 p - a manual of Fire Magic
Miscellaneous
 A - a phantom mirror


   Skills:
 + Level 16.3 Fighting
 + Level 15.1(15.0) Long Blades
 - Level 2.2(2.1) Throwing
 - Level 2.4(2.3) Armour
 + Level 15.2(15.1) Dodging
 - Level 7.0(6.9) Stealth
 + Level 7.2(7.1) Spellcasting
 * Level 12.1(12.0) Summonings
 * Level 13.1(13.0) Fire Magic
 + Level 7.1(7.0) Air Magic
 + Level 15.0 Invocations
 + Level 9.4(9.3) Evocations


You had 24 spell levels left.
You knew the following spells:

 Your Spells              Type           Power        Failure   Level
a - Summon Small Mammal   Summ           ##..         1%          1
b - Call Imp              Summ           ##......     1%          2
c - Call Canine Familiar  Summ           ##......     1%          3
d - Summon Lightning Spi  Summ/Air       ##......     4%          4

Your spell library contained the following spells:

 Spells                   Type           Power        Failure   Level
 Foxfire                  Conj/Fire      #...         1%          1
 Swiftness                Air            #.......     1%          2
 Conjure Flame            Conj/Fire      #.......     4%          3
 Inner Flame              Hex/Fire       #.......     4%          3
 Shock                    Conj/Air       #...         5%          1
 Summon Guardian Golem    Hex/Summ       #.......     6%          3
 Airstrike                Air            #.........   13%         4
 Static Discharge         Conj/Air       #.......     16%         3
 Sticky Flame             Conj/Fire      #.......     16%         4
 Summon Ice Beast         Ice/Summ       #.......     21%         4
 Apportation              Tloc           #.....       24%         1
 Beastly Appendage        Tmut           #.....       24%         1
 Freeze                   Ice            #...         24%         1
 Sandblast                Erth           #.....       24%         1
 Mephitic Cloud           Conj/Pois/Air  #.......     26%         3
 Wereblood                Tmut           #.......     34%         2
 Fireball                 Conj/Fire      #.........   41%         5
 Confusing Touch          Hex            #.......     56%         3
 Dazzling Flash           Conj/Hex       #.....       56%         3
 Frozen Ramparts          Ice            #.....       56%         3
 Gell's Gravitas          Tloc           #.........   56%         3
 Lesser Beckoning         Tloc           #.........   56%         3
 Ozocubu's Armour         Ice            #.......     56%         3
 Spider Form              Tmut/Pois      #.........   56%         3
 Tukima's Dance           Hex            #.......     56%         3
 Lightning Bolt           Conj/Air       #.........   83%         5
 Silence                  Hex/Air        #.........   83%         5
 Animate Dead             Necr           #.........   93%         4
 Hailstorm                Conj/Ice       #.......     93%         4
 Ice Form                 Ice/Tmut       #.......     93%         4
 Petrify                  Tmut/Erth      #.......     93%         4
 Alistair's Intoxication  Tmut/Pois      #........    100%        5
 Blade Hands              Tmut           #.........   100%        5
 Borgnjor's Vile Clutch   Necr/Erth      #.........   100%        5
 Irradiate                Conj/Tmut      #.........   100%        5
 Metabolic Englaciation   Hex/Ice        #.........   100%        5
 Yara's Violent Unravell  Hex/Tmut       #.........   100%        5
 Conjure Ball Lightning   Conj/Air       #.........   100%        6
 Death Channel            Necr           #.........   100%        6
 Hydra Form               Tmut           #.........   100%        6
 Invisibility             Hex            #.......     100%        6
 Simulacrum               Ice/Necr       #.........   100%        6
 Statue Form              Tmut/Erth      #........    100%        6
 Dragon Form              Tmut           #.........   100%        7
 Tornado                  Air            #.........   100%        9


Dungeon Overview and Level Annotations

Branches:
Dungeon (15/15)            Temple (1/1) D:4            Lair (6/6) D:11
  Swamp (4/4) Lair:2       Spider (4/4) Lair:4        Slime (0/5) Lair:6
    Orc (2/2) D:9             Elf (1/3) Orc:2        Vaults (3/5) D:13
  Crypt (0/3) Vaults:3     Depths (0/5) D:15

Altars:
Ashenzari
Cheibriados
Dithmenos
Elyvilon
Fedhas
Gozag
Hepliaklqana
Kikubaaqudgha
Makhleb
Nemelex Xobeh
Okawaru
Qazlal
Ru
Sif Muna
Trog
Uskayaw
Vehumet
Wu Jian
Xom
Yredelemnul
Zin
The Shining One
Beogh

Shops:
D:9 *   D:10 (   Orc:2 :*[*   Vaults:2 :

Portals:
Pandemonium: Orc:2

Annotations:
D:8 exclusion: oklob sapling
D:11 3 runed translucent doors, exclusion: downstairs, hab5's ghost, novice MiBe
D:12 Frances
D:14 Roxanne
Swamp:3 exclusion: downstairs


Innate Abilities, Weirdness & Mutations

You have claws for feet.
You are surrounded by a strong repulsion field. (EV +4, RMsl)
You resist negative energy. (rN+)
You regenerate health from kills.
You are completely covered in sharp spines.


Message History

You suddenly lose the ability to move!
The phantasmal warrior hits you.
Your magical defenses are stripped away!
The ice dragon breathes frost at you. The blast of cold hits you!!
An ettin simulacrum comes into view.
The phantasmal warrior hits you!
The ice dragon bites you but does no damage.
The ice dragon claws you but does no damage.
The ice dragon tramples you but does no damage.
A yaktaur captain comes into view.
The phantasmal warrior hits you!
* * * LOW HITPOINT WARNING * * *
You emit a cloud of dark smoke.
The floating eye seems to glare at you. The phantasmal warrior hits you!!
* * * LOW HITPOINT WARNING * * *
The ice dragon bites you!
* * * LOW HITPOINT WARNING * * *
The ice dragon claws you!
You die...

#.....#**,,,**#..#
#.....# **+***##.#
#....## *,,,,,#.#
#...##*****,,,##.#
#...# *,,,*,,,#..#
#§.###*,,,*,,*#..#
#§§#p##,,,,,,*##..
#WD#pp###Dc,** ##.
#@GDOOpc.WW,****##
#§W#hWZcspD,,,,* #
#§§#§W##.W.,,,,* #
#*.#.##*,Oa,,,,* #
#..###,,,,,,*****#
#..# *,,,,,,** **.
#..# *,,,*,,,***,,
*,,*******,,,**,,,
*,,,** *,,,,,*,,,


You could see a fire dragon, an ice dragon (catching breath), a vault warden, a
yaktaur captain, 2 ogre magi, 2 phantasmal warriors, an ironbrand convoker, a
polar bear, a yaktaur, a freezing wraith, a wizard (fast), a floating eye shaped
shifter (charged) and an ettin simulacrum.

Vanquished Creatures
  Sojobo (Vaults:2)
  Arachne (Spider:3)
  Rupert (Lair:5)
  2 sphinxes (Vaults:2)
  A storm dragon (Vaults:3)
  A thorn hunter (Swamp:2)
  3 tengu reavers
  Donald (Spider:2)
  A fire giant (Vaults:2)
  4 emperor scorpions
  Aizul (Swamp:1)
  7 ghost moths
  5 vault wardens
  3 very ugly things (Vaults:3)
  7 ironheart preservers
  5 stone giants
  8 entropy weavers
  A deep elf annihilator (Vaults:1)
  4 spark wasps
  Snorg (D:12)
  An ettin (Vaults:3)
  4 fire dragons
  5 yaktaur captains
  10 ogre magi
  A great orb of eyes (Vaults:1)
  6 vault guards
  An ice dragon (Vaults:2)
  2 rakshasas (Vaults:1)
  28 hydras
  5 centaur warriors
  3 catoblepae (Lair:6)
  2 ghost crabs (Swamp:3)
  A death knight (D:11)
  A queen ant (Spider:4)
  2 shambling mangroves
  23 alligators
  A vampire mage (Vaults:3)
  11 death yaks
  A two-headed ogre (shapeshifter) (Vaults:3)
  28 two-headed ogres
  2 deep troll earth magi (Vaults:3)
  5 orc high priests (Orc:2)
  Sonja (Lair:6)
  A spriggan (Swamp:1)
  A fire crab (shapeshifter) (Vaults:3)
  A soul eater (Orc:2)
  2 deep elf knights (Elf:1)
  2 shadow wraiths
  A sixfirhy (Orc:2)
  A flayed ghost (D:15)
  5 unseen horrors
  2 glowing orange brains
  7 skeletal warriors
  2 spriggan druids
  2 deep trolls (Vaults:3)
  A torturous demonspawn (Orc:2)
  An infernal demonspawn (Orc:2)
  5 swamp dragons
  3 deep elf archers
  5 wizards
  Pikel (D:7)
  13 wolf spider zombies
  13 ironbrand convokers
  17 orc knights
  7 orb spiders
  4 necromancers
  5 oklob plants
  3 manticores
  5 cyclopes
  9 orc sorcerers
  3 deep elf magi
  4 moths of wrath (Spider:4)
  36 wolf spiders
  A stone giant zombie (D:15)
  28 ugly things
  7 black mambas
  10 elephants (Lair:6)
  4 vault sentinels
  11 cane toads
  A torpor snail (Lair:5)
  2 gargoyles (D:13)
  A smoke demon (Orc:2)
  A spriggan skeleton (D:15)
  2 human zombies (Vaults:1)
  An efreet (D:14)
  2 rime drakes (Lair:5)
  2 freezing wraiths (Vaults:3)
  25 yaktaurs
  12 demonic crawlers
  2 hellwings (Orc:2)
  15 komodo dragons
  5 redback zombies (Spider:1)
  2 yaktaur skeletons
  2 tengu conjurers (D:13)
  3 meliai (D:15)
  2 jumping spiders (shapeshifter)
  32 jumping spiders
  10 trolls
  10 hornets
  A polar bear (Lair:3)
  17 tyrant leeches
  A polar bear (shapeshifter) (Vaults:2)
  An ice dragon zombie (D:15)
  9 tarantella zombies (Spider:1)
  Prince Ribbit (D:7)
  4 hippogriffs
  36 slime creatures
  8 bog bodies
  2 dream sheep (Lair:5)
  6 vampires
  71 redbacks
  A shadow (Swamp:2)
  5 wyverns
  A basilisk (shapeshifter) (Vaults:3)
  35 tarantellas
  39 yaks
  A yak (shapeshifter) (Vaults:2)
  3 wraiths
  18 vampire mosquitoes
  A yaktaur simulacrum (Vaults:1)
  A steam dragon (D:12)
  An ogre zombie (Vaults:1)
  11 wargs
  18 soldier ants
  14 insubstantial wisps
  5 acid dragons
  23 swamp worms
  12 water moccasins
  A nameless horror (Spider:4)
  6 porcupines
  8 sky beasts
  2 black bears
  38 orc warriors
  16 swamp drakes
  2 phantoms
  An ice beast (D:9)
  30 ogres
  28 wolves
  An elf zombie (Vaults:1)
  A necrophage (D:9)
  3 boggarts (Vaults:3)
  2 lemures (D:7)
  12 centaurs
  15 crocodiles
  4 big kobolds
  20 bullfrogs
  A wyvern zombie (D:9)
  5 scorpions
  A wyvern skeleton (D:12)
  16 killer bees
  A wight (D:10)
  A howler monkey (D:7)
  6 electric eels
  A bullfrog zombie (D:11)
  5 centaur zombies
  13 hounds
  A quasit (D:10)
  2 centaur skeletons
  2 human simulacra (Vaults:1)
  31 orc priests
  6 jellies
  A bullfrog skeleton (D:6)
  An iguana (D:12)
  Natasha (thrice) (D:2)
  22 orc wizards
  32 worker ants
  2 hound zombies
  3 hound skeletons
  7 gnolls
  14 adders
  5 shadow imps
  3 white imps
  An ufetubus (D:5)
  An ooze (D:2)
  2 adder skeletons (D:7)
  2 worms (D:2)
  4 dart slugs
  5 leopard geckos
  79 orcs
  12 bats
  4 giant cockroaches
  6 hobgoblins
  8 jackals
  34 kobolds
  4 quokkas
  7 ball pythons
  5 frilled lizards
  8 goblins
  A jackal zombie (D:5)
  7 rats
  A fungus (Lair:5)
1469 creatures vanquished.

Vanquished Creatures (collateral kills)
  the Lernaean hydra (Swamp:4)
  2 swamp dragons (Swamp:4)
  An ironbrand convoker (Vaults:2)
  An orb spider (Spider:4)
  A hornet (Spider:4)
6 creatures vanquished.

Vanquished Creatures (others)
  A ghost moth (Spider:4)
  A spark wasp (Spider:4)
  A vault sentinel (Vaults:2)
  A komodo dragon (Lair:5)
  A tyrant leech (Swamp:2)
  A hornet (Swamp:4)
  An orc warrior (Vaults:2)
  An ogre (Vaults:3)
  A boggart (Vaults:3)
  A bush (Lair:4)
  29 fungi
  81 plants
  3 withered plants (D:15)
123 creatures vanquished.

Grand Total: 1598 creatures vanquished

Notes
Turn   | Place    | Note
-------+----------+-------------------------------------------
     0 | D:1      | ANON1729 the Demonspawn Gladiator began the quest for the
                  | Orb.
     0 | D:1      | Reached XP level 1. HP: 16/16 MP: 1/1
   166 | D:1      | Gained mutation: You are partially covered in sharp spines.
                  | [demonic ancestry]
   166 | D:1      | Reached XP level 2. HP: 22/22 MP: 2/2
   549 | D:1      | Gained mutation: You are mostly covered in sharp spines.
                  | [demonic ancestry]
   549 | D:1      | Reached XP level 3. HP: 28/28 MP: 3/3
   662 | D:2      | Noticed Natasha
   670 | D:2      | Killed Natasha
   717 | D:2      | Reached skill level 1 in Armour
   717 | D:2      | Gained mutation: You are surrounded by a mild repulsion
                  | field. (EV +2) [demonic ancestry]
   717 | D:2      | Reached XP level 4. HP: 28/34 MP: 4/4
   806 | D:2      | Reached skill level 3 in Fighting
   955 | D:2      | Noticed Natasha
   956 | D:2      | Found a glowing golden altar of the Shining One.
   957 | D:2      | Killed Natasha
  1171 | D:2      | Noticed Natasha
  1176 | D:2      | Killed Natasha
  1176 | D:2      | Gained mutation: You regenerate a little health from kills.
                  | [demonic ancestry]
  1176 | D:2      | Reached XP level 5. HP: 40/41 MP: 5/5
  1740 | D:3      | Noticed an ice beast
  1915 | D:3      | Reached skill level 4 in Fighting
  2488 | D:4      | Reached XP level 6. HP: 43/48 MP: 6/6
  2866 | D:4      | Found a staircase to the Ecumenical Temple.
  2892 | Temple   | Entered the Ecumenical Temple
  3083 | Temple   | Became a worshipper of Dithmenos the Shadowed
  3575 | D:4      | Gained mutation: You are completely covered in sharp
                  | spines. [demonic ancestry]
  3575 | D:4      | Reached XP level 7. HP: 49/55 MP: 7/7
  3646 | D:4      | Found a shimmering altar of Xom.
  3797 | D:5      | Entered Level 5 of the Dungeon
  3815 | D:5      | Found a blossoming altar of Fedhas.
  3821 | D:5      | Found a white marble altar of Elyvilon.
  3824 | D:5      | Found a sacrificial altar of Ru.
  3934 | D:5      | Reached skill level 5 in Fighting
  4124 | D:5      | Got a smoking golden ring
  4127 | D:5      | Identified the ring "Vabren" {MR+ SInv} (You found it on
                  | level 5 of the Dungeon)
  4473 | D:6      | Found a snail-covered altar of Cheibriados.
  4513 | D:6      | Reached * piety under Dithmenos
  4523 | D:6      | Reached skill level 5 in Long Blades
  4778 | D:6      | Reached XP level 8. HP: 64/64 MP: 8/8
  4786 | D:6      | Found a shimmering altar of Xom.
  4798 | D:6      | Reached skill level 5 in Dodging
  4845 | D:6      | Reached skill level 6 in Fighting
  5549 | D:7      | Noticed Pikel
  5550 | D:7      | Got a smoking falchion
  5551 | D:7      | Identified the +7 falchion "Sasseah" {vamp, *Slow +Fly
                  | Str+4} (You found it on level 7 of the Dungeon)
  5568 | D:7      | Killed Pikel
  5568 | D:7      | Reached ** piety under Dithmenos
  5568 | D:7      | Reached skill level 7 in Fighting
  5568 | D:7      | Gained mutation: You have sharp toenails. [demonic
                  | ancestry]
  5568 | D:7      | Reached XP level 9. HP: 65/72 MP: 9/9
  5709 | D:7      | Noticed Prince Ribbit
  5720 | D:7      | Killed Prince Ribbit
  5720 | D:7      | Reached skill level 8 in Fighting
  6221 | D:8      | Noticed a two-headed ogre
  6234 | D:8      | Killed a two-headed ogre
  6237 | D:8      | Gained mutation: You have razor-sharp toenails. [demonic
                  | ancestry]
  6237 | D:8      | Reached XP level 10. HP: 82/82 MP: 10/10
  6350 | D:8      | Found a sparkling altar of Nemelex Xobeh.
  6606 | D:8      | Reached *** piety under Dithmenos
  6610 | D:8      | Found a blossoming altar of Fedhas.
  6673 | D:8      | Reached skill level 1 in Invocations
  6883 | D:9      | Found an opulent altar of Gozag.
  6937 | D:9      | Reached skill level 9 in Fighting
  6989 | D:9      | Found a stormy altar of Qazlal.
  7109 | D:9      | Found a shimmering altar of Xom.
  7164 | D:9      | Found a staircase to the Orcish Mines.
  7183 | D:9      | Found Hyurphat's Assorted Antiques.
  7186 | D:9      | Bought a scroll labeled YBLYUS NARUOB for 23 gold pieces
  7186 | D:9      | Bought a scroll of teleportation for 69 gold pieces
  7186 | D:9      | Bought a scroll of identify for 46 gold pieces
  7186 | D:9      | Bought 2 scrolls of identify for 92 gold pieces
  7186 | D:9      | Bought a viscous black potion for 20 gold pieces
  7186 | D:9      | Bought a metallic green potion for 20 gold pieces
  7186 | D:9      | Bought a metallic green potion for 20 gold pieces
  7186 | D:9      | Bought a scroll of teleportation for 69 gold pieces
  7298 | D:9      | Found a hazy altar of Hepliaklqana.
  7745 | D:10     | Entered Level 10 of the Dungeon
  7804 | D:10     | Noticed a centaur warrior
  7812 | D:10     | Killed a centaur warrior
  8049 | D:10     | Reached skill level 5 in Invocations
  8056 | D:10     | Reached **** piety under Dithmenos
  8082 | D:10     | Found Mecetuemi's Antique Weapon Shop.
  8111 | D:10     | Reached XP level 11. HP: 90/90 MP: 13/15
  8288 | D:10     | You fall into a shaft and drop 1 floor!
  8289 | D:11     | Noticed a death knight
  8449 | D:11     | Noticed hab5's ghost (novice MiBe)
  8450 | D:11     | Noticed a minotaur
  8504 | D:11     | Found a staircase to the Lair.
  8528 | D:11     | Reached skill level 10 in Fighting
  8827 | D:11     | Found a runed translucent gate.
  8827 | D:11     | Found a runed translucent gate.
  8827 | D:11     | Found a runed translucent gate.
  9147 | D:11     | Killed a death knight
  9351 | D:12     | Noticed an unseen horror
  9359 | D:12     | Killed an unseen horror
  9413 | D:12     | Noticed Snorg
  9433 | D:12     | Killed Snorg
  9549 | D:12     | Noticed a seven-headed hydra
  9690 | D:12     | Noticed Frances
  9796 | Lair:1   | Entered Level 1 of the Lair of Beasts
 10534 | Lair:2   | Reached ***** piety under Dithmenos
 10535 | Lair:2   | Reached skill level 10 in Long Blades
 10593 | Lair:2   | Reached skill level 10 in Dodging
 10593 | Lair:2   | Gained mutation: You regenerate health from kills. [demonic
                  | ancestry]
 10593 | Lair:2   | Reached XP level 12. HP: 76/99 MP: 18/18
 10647 | Lair:2   | Noticed an eight-headed hydra
 10913 | Lair:2   | Reached skill level 11 in Fighting
 11159 | Lair:2   | Noticed a six-headed hydra
 11355 | Lair:3   | Got a dazzling plate armour
 11709 | Lair:3   | Got a slimy robe
 11720 | Lair:3   | Identified the +1 robe of Prudence {rF- rN+ rCorr} (You
                  | found it on level 3 of the Lair of Beasts)
 12075 | Lair:4   | Noticed a death yak
 12077 | Lair:4   | Noticed a death yak
 12078 | Lair:4   | Noticed a death yak
 12079 | Lair:4   | Noticed a four-headed hydra
 12321 | Lair:4   | Reached skill level 10 in Invocations
 12323 | Lair:4   | Found a hole to the Spider Nest.
 12411 | Lair:4   | Noticed a seven-headed hydra
 12663 | Lair:4   | Learned a level 1 spell: Summon Small Mammal
 12666 | Lair:4   | Learned a level 2 spell: Call Imp
 12670 | Lair:4   | Learned a level 3 spell: Call Canine Familiar
 12675 | Lair:4   | Learned a level 4 spell: Summon Lightning Spire
 12954 | Orc:1    | Entered Level 1 of the Orcish Mines
 13031 | Orc:1    | Found a roughly hewn altar of Beogh.
 13078 | Orc:1    | Noticed a stone giant
 13282 | Orc:1    | Killed a stone giant
 13282 | Orc:1    | Reached skill level 1 in Summonings
 13282 | Orc:1    | Reached skill level 1 in Evocations
 13294 | Orc:2    | Entered Level 2 of the Orcish Mines
 13856 | Orc:2    | Found a staircase to the Elven Halls.
 13863 | Orc:2    | Noticed a two-headed ogre
 13873 | Orc:2    | Killed a two-headed ogre
 13873 | Orc:2    | Gained mutation: You are surrounded by a moderate repulsion
                  | field. (EV +3) [demonic ancestry]
 13873 | Orc:2    | Reached XP level 13. HP: 72/107 MP: 20/20
 14102 | Orc:2    | Found Odweczas's General Store.
 14164 | Orc:2    | Reached skill level 12 in Fighting
 14279 | Orc:2    | Found Ekoutzok's General Store.
 14352 | Orc:2    | Reached ****** piety under Dithmenos
 14377 | Orc:2    | Bought a scroll of identify for 30 gold pieces
 14377 | Orc:2    | Bought the ring "Duem" {rElec rF+ Str+3 Dex+2} for 742 gold
                  | pieces
 14386 | Orc:2    | Bought a scroll of blinking for 112 gold pieces
 14386 | Orc:2    | Bought a scroll of fear for 52 gold pieces
 14386 | Orc:2    | Bought a scroll of summoning for 142 gold pieces
 14458 | Orc:2    | Paralysed by an orc sorcerer for 2 turns
 15251 | Orc:2    | Found Sakhytumn's Antique Armour Shop.
 15251 | Orc:2    | Found Ruosaaku's Book Boutique.
 15251 | Orc:2    | Found a one-way gate leading to the halls of Pandemonium.
 15463 | Elf:1    | Entered Level 1 of the Elven Halls
 16021 | D:13     | Found an ornate altar of the Wu Jian Council.
 16444 | D:14     | Identified Roxanne's Tome of Stones
 16444 | D:14     | Noticed Roxanne
 16462 | D:14     | Got a smelly chain mail
 16519 | D:14     | Gained mutation: You have claws for feet. [demonic
                  | ancestry]
 16519 | D:14     | Reached XP level 14. HP: 109/116 MP: 22/22
 16840 | D:14     | Reached skill level 13 in Fighting
 17526 | Lair:2   | Found a staircase to the Swamp.
 17725 | Lair:4   | Identified Sif Muna's Catalogue of Frigorific Air
 18358 | Lair:4   | Reached skill level 5 in Summonings
 18471 | Lair:5   | Reached skill level 5 in Evocations
 18734 | Lair:5   | Noticed Rupert
 19420 | Lair:6   | Entered Level 6 of the Lair of Beasts
 19673 | Lair:6   | Reached skill level 1 in Spellcasting
 19680 | Lair:6   | Reached skill level 1 in Air Magic
 19759 | Lair:6   | Found a staircase to the Slime Pits.
 20052 | Lair:6   | Noticed Sonja
 20073 | Lair:6   | Killed Sonja
 20216 | Lair:6   | Reached XP level 15. HP: 124/124 MP: 24/24
 20506 | Lair:6   | Reached skill level 1 in Stealth
 20970 | Lair:5   | Killed Rupert
 21991 | D:12     | Upgraded the game from 0.26-a0-576-gcfaa98f945 to
                  | 0.26-a0-579-g3afe4966bf
 22236 | D:13     | Reached skill level 1 in Fire Magic
 22245 | D:13     | Found a gate to the Vaults.
 22558 | D:15     | Entered Level 15 of the Dungeon
 22580 | D:15     | Found a shimmering blue altar of Sif Muna.
 22600 | D:15     | Cast into level 2 of the Abyss (a wizard)
 22628 | D:15     | Escaped the Abyss
 22761 | D:15     | Reached skill level 14 in Fighting
 23055 | D:15     | Found a staircase to the Depths.
 23073 | D:15     | HP: 2/126 [stone giant zombie (28)]
 23644 | D:15     | Gained mutation: You resist negative energy. (rN+) [demonic
                  | ancestry]
 23644 | D:15     | Reached XP level 16. HP: 98/133 MP: 25/25
 23916 | Swamp:1  | Entered Level 1 of the Swamp
 24358 | Swamp:1  | Got a twitching pewter ring
 24644 | Swamp:1  | Noticed Aizul
 24659 | Swamp:1  | Killed Aizul
 24945 | Swamp:1  | Identified the ring of Ugasu {+Inv rElec rPois rCorr Int-2}
                  | (You found it on level 1 of the Swamp)
 25074 | Swamp:2  | Noticed a thorn hunter
 25082 | Swamp:2  | Killed a thorn hunter
 27088 | Swamp:4  | Entered Level 4 of the Swamp
 27138 | Swamp:4  | Reached skill level 5 in Fire Magic
 27466 | Swamp:4  | Reached XP level 17. HP: 140/140 MP: 27/27
 27540 | Swamp:4  | Noticed the 27-headed Lernaean hydra
 27666 | Spider:1 | Entered Level 1 of the Spider Nest
 27844 | Spider:1 | Identified a scroll of acquirement
 27847 | Spider:1 | Identified the cursed +2 arbalest "Ystraocy" {elec, rN+}
                  | (You found it on level 1 of the Spider Nest)
 27849 | Spider:1 | Acquired a manual of Fire Magic
 28064 | Spider:2 | Reached skill level 15 in Fighting
 28269 | Spider:2 | Noticed Donald
 28285 | Spider:2 | Killed Donald
 28384 | Spider:2 | Reached skill level 5 in Spellcasting
 28599 | Spider:2 | Acquired 750 gold pieces
 28918 | Spider:1 | Reached skill level 5 in Stealth
 28947 | Spider:1 | Reached skill level 5 in Air Magic
 30135 | Spider:3 | Identified the Guide on Captivating Clay
 30273 | Spider:3 | Noticed Arachne
 30320 | Spider:3 | Killed Arachne
 30320 | Spider:3 | Gained mutation: You are surrounded by a strong repulsion
                  | field. (EV +4, RMsl) [demonic ancestry]
 30320 | Spider:3 | Reached XP level 18. HP: 144/149 MP: 19/28
 30638 | Spider:4 | Entered Level 4 of the Spider Nest
 30712 | Spider:4 | Reached skill level 10 in Summonings
 32432 | Spider:4 | Got a gossamer rune of Zot
 32893 | Swamp:4  | Killed the 27-headed Lernaean hydra
 33005 | Swamp:4  | Got a decaying rune of Zot
 33353 | Vaults:1 | Entered Level 1 of the Vaults
 34231 | Vaults:1 | Reached XP level 19. HP: 89/157 MP: 29/29
 35015 | Vaults:2 | Paralysed by an ogre mage for 4 turns
 35110 | Vaults:2 | Reached skill level 10 in Fire Magic
 35249 | Vaults:2 | Reached skill level 16 in Fighting
 35840 | Vaults:2 | Reached skill level 15 in Dodging
 35866 | Vaults:2 | Noticed Sojobo
 35908 | Vaults:2 | Killed Sojobo
 36068 | Vaults:2 | Found Laexuuh's Book Shoppe.
 36488 | Vaults:2 | Identified the ring "Ynuvug" {Wiz rF+++ Str+5 Dex-2 Slay-6}
                  | (You found it on level 2 of the Vaults)
 36491 | Vaults:2 | Reached XP level 20. HP: 164/164 MP: 31/31
 36680 | Vaults:3 | Found a flickering gateway to a bazaar.
 36704 | Bazaar   | Entered a bazaar
 36719 | Bazaar   | Found Kolaekk's Gadget Shop.
 36752 | Bazaar   | Found Sousuir's Gadget Shop.
 36818 | Bazaar   | Found Deutif's Distillery.
 36840 | Bazaar   | Found Romiblujon's Distillery.
 36847 | Bazaar   | Bought a potion of mutation for 88 gold pieces
 36847 | Bazaar   | Bought a potion of stabbing for 44 gold pieces
 36847 | Bazaar   | Bought a potion of mutation for 88 gold pieces
 36847 | Bazaar   | Bought a potion of brilliance for 44 gold pieces
 36847 | Bazaar   | Bought a potion of mutation for 88 gold pieces
 36847 | Bazaar   | Bought a potion of haste for 110 gold pieces
 36847 | Bazaar   | Bought a potion of ambrosia for 88 gold pieces
 36847 | Bazaar   | Bought a potion of resistance for 110 gold pieces
 36847 | Bazaar   | Bought 2 potions of haste for 220 gold pieces
 36867 | Bazaar   | Bought 2 potions of lignification for 108 gold pieces
 36867 | Bazaar   | Bought a potion of brilliance for 72 gold pieces
 36867 | Bazaar   | Bought a potion of heal wounds for 90 gold pieces
 36867 | Bazaar   | Bought a potion of flight for 54 gold pieces
 36867 | Bazaar   | Bought a potion of curing for 54 gold pieces
 36867 | Bazaar   | Bought a potion of brilliance for 72 gold pieces
 36905 | Bazaar   | Bought a wand of paralysis (9) for 132 gold pieces
 37181 | Vaults:3 | Reached skill level 15 in Long Blades
 37408 | Vaults:3 | Reached XP level 21. HP: 156/171 MP: 32/32
 37818 | Vaults:3 | Reached skill level 15 in Invocations
 38083 | Vaults:3 | Found a staircase to the Crypt.
 38383 | Vaults:3 | Paralysed by a floating eye for 4 turns
 38385 | Vaults:3 | Slain by an ice dragon

Illustrated notes

Levels and vault maps discovered:
D:1:      heliophobic_arrival_ceremonial_halls, layout_loops_ring, st_stairs_1
D:2:      layout_loops_ring, lemuel_crystal_altar, minmay_misc_feat_chi,
          uniq_natasha
D:3:      layout_rooms, amethyst_killhole
D:4:      layout_loops_cross, minmay_temple_entry_purple_smoke, tgw_xom
D:5:      layout_basic, grunt_temple_overflow_diamond
D:6:      layout_loops_corners, basic_altar, kennysheep_slug_shrine
D:7:      layout_loops_ring, minmay_strange_pillars, uniq_prince_ribbit1,
          uniq_pikel
D:8:      layout_basic, nemelex_altar_shiori, introduction_to_nature_2
D:9:      layout_basic, nicolae_overflow_crystal_walls, grunt_qazlal_sundering,
          lemuel_round_altar, minmay_orc_entry_guard_dogs, serial_shops,
          kennysheep_mini, nicolae_gozag_seed_capital
D:10:     hangedman_cross_stitches, layout_loops_ring, serial_shops, shop
D:11:     layout_cave_pods, david_lair_shrubbed, maelrawn_ghost_gauntlet_escape,
          hangedman_decor_clover_reticule
D:12:     layout_layer_cave, hangedman_misty_isle, uniq_frances, uniq_snorg
D:13:     layout_roguey, grunt_vaults_entry_fortified, basic_altar
D:14:     layout_roguey, chequers_serial_rivers_small_b, lightli_corner_chamber,
          uniq_roxanne
D:15:     gammafunk_depths_entry_grave, layout_irregular_city, basic_altar,
          minmay_misc_feat_rugged
Temple:   eino_narrow_crystal_temple
Lair:1:   layout_loops_ring
Lair:2:   beast_lair_carwin_large_1, layout_big_grid, palyth_hydra_swamp_entry,
          minmay_lair_oklob_chamber
Lair:3:   layout_roguey, roderic_batcave, nicolae_quartered_pool_little,
          serial_bayou_ford_a, infiniplex_staircase_pool
Lair:4:   layout_big_grid, spider_nest_entry_web_field
Lair:5:   layout_cave_pods, uniq_rupert
Lair:6:   evilmike_catoblepas_cave, layout_loops_ring, slime_dummy,
          serial_bayou_shore_b, uniq_sonja
Swamp:1:  layout_falls_marsh, evilmike_swamp_ruin_house_4,
          nicolae_swamp_alligator_family, uniq_aizul
Swamp:2:  layout_basic_swamp, evilmike_swamp_ruin_rubble_1, swamp_pool5
Swamp:3:  layout_falls_marsh, serial_swamp_ruin, evilmike_swamp_ruin_house_5,
          evilmike_swamp_ruin_rubble_2, swamp_pool2
Swamp:4:  swamp_old_school, layout_basic_swamp
Spider:1: lemuel_spider_zombies
Spider:2: layout_spider_delve, guppyfry_spider_mini_2, uniq_donald
Spider:3: layout_spider_delve, uniq_arachne
Spider:4: spider_rune_water, drop_trap, zaba_anthell
Orc:1:    layout_caves, basic_altar
Orc:2:    pf_orc_diabolical, layout_diamond_mine
Elf:1:    eino_elf_arrival_the_gate, layout_loops_ring, hangedman_elf_represent,
          minmay_shoptagon
Vaults:1: nicolae_vaults_network_periphery, nicolae_vaults_inception_corners,
          ontoclasm_vaults_shuriken, v_rooms_1, grunt_vaults_hallway_short,
          nicolae_vaults_windows_and_doors_thing,
          vaults_standard_mumra_enter_the_diamond, nicolae_vaults_little_ls,
          vaults_room_pools, layout_vaults_omnicross
Vaults:2: hangedman_vaults_slice, ontoclasm_vaults_fault, v_alt_pattern_3,
          v_pattern_4, hangedman_vaults_slither, hangedman_vaults_nodes,
          v_misc_27, nicolae_vaults_minivaults, vaults_room_pool,
          v_alt_pattern_6, nicolae_vaults_rhombus_5, vaults_dpeg_doors,
          vaults_dpeg_hooks, grunt_vaults_focal, v_misc_14,
          vaults_room_door_ring, layout_vaults_omnibox, serial_shops, shop,
          uniq_sojobo
Vaults:3: nicolae_vaults_angled_halls, v_pattern_2, v_misc_19,
          nicolae_vaults_network_quincunx
          [nicolae_vaults_network_quincunx_subvault,
          nicolae_vaults_network_quincunx_subvault,
          nicolae_vaults_network_quincunx_subvault,
          nicolae_vaults_network_quincunx_subvault,
          nicolae_vaults_network_quincunx_subvault],
          nicolae_vaults_puzzle_piece, minmay_crypt_entry_vampire_xt,
          nicolae_vaults_network_s, dpeg_vaults_pockets_of_resistance,
          vaults_room_semicircle, layout_vaults_chaotic_city, serial_shops,
          freezing_bzr, serial_glass

Skill      XL: |  1  2  3  4  5  6  7  8  9 10 11 12 13 14 15 16 17 18 19 20 21 |
---------------+----------------------------------------------------------------+-----
Throwing       | 2 |  2.2
Dodging        | 3 4 6 7 8 10 11 12 13 14 15 | 15.2
Long Blades    | 3 4 5 6 7 9 10 11 12 13 14 15 | 15.1
Armour         | 1 2 |  2.4
Fighting       | 3 4 5 7 8 9 10 11 12 13 14 15 16 | 16.3
Invocations    | 5 8 10 11 12 13 14 15 | 15.0
Summonings     | 1 4 5 7 8 9 10 11 12 | 12.1
Evocations     | 1 4 5 6 7 8 9 |  9.4
Spellcasting   | 1 3 4 5 6 7 |  7.2
Air Magic      | 1 3 4 5 6 7 |  7.1
Stealth        | 3 4 5 6 7 |  7.0
Fire Magic     | 3 5 7 9 12 13 | 13.1

Action                   |  1- 3 |  4- 6 |  7- 9 | 10-12 | 13-15 | 16-18 | 19-21 || total
-------------------------+-------+-------+-------+-------+-------+-------+-------++-------
Melee: Long sword        |    51 |   130 |   112 |       |       |   704 |   797 ||  1794
       Falchion          |       |       |    70 |   683 |  1001 |   702 |       ||  2456
       Kick              |       |       |       |       |   547 |  1054 |   463 ||  2064
       Scimitar          |       |       |       |       |   282 |   446 |       ||   728
 Cast: Call Imp          |       |       |       |       |     2 |     2 |       ||     4
       Summon Lightning  |       |       |       |       |       |     5 |     1 ||     6
       Call Canine Famil |       |       |       |       |       |     3 |       ||     3
       Summon Small Mamm |       |       |       |       |       |     1 |       ||     1
Invok: Shadow Step       |       |       |       |       |     1 |     3 |     2 ||     6
 Abil: Evoke Flight      |       |       |       |       |       |       |     2 ||     2
Evoke: Wand              |       |       |     1 |    13 |    25 |    14 |     5 ||    58
       Phantom mirror    |       |       |       |       |       |     1 |     1 ||     2
  Use: Scroll            |       |       |    13 |    12 |    12 |    22 |     4 ||    63
       Potion            |       |       |       |     4 |     1 |     2 |     1 ||     8
 Stab: Sleeping          |       |     2 |     2 |    12 |    11 |    36 |    13 ||    76
       Paralysed         |       |       |     4 |     3 |    23 |    14 |       ||    44
       Distracted        |       |       |       |     3 |     4 |    15 |     2 ||    24
       Petrified         |       |       |       |       |     1 |       |       ||     1
       Held in net/web   |       |       |       |       |       |     3 |       ||     3
Armor: Leather armour    |    16 |    38 |    42 |    21 |       |       |       ||   117
       Troll leather arm |       |       |       |    39 |    84 |   237 |    71 ||   431
       Robe              |       |       |       |       |     4 |       |       ||     4
       Skin              |       |       |       |       |       |    22 |       ||    22
Dodge: Dodged            |    43 |   101 |   162 |   566 |  1127 |  2146 |   720 ||  4865
       Repelled          |       |       |       |       |       |     2 |     8 ||    10
Block: Other             |       |       |       |   124 |       |    46 |    76 ||   246
       Reflection        |       |       |       |     2 |       |     5 |     1 ||     8
       Rpst.: Long sword |    14 |    32 |    26 |       |       |   176 |   165 ||   413
       Falchion          |       |       |    14 |   148 |   184 |   145 |       ||   491
       Scimitar          |       |       |       |       |    60 |    86 |       ||   146

Table legend: (Time is in decaauts)
 A = Elapsed time spent in this place.
 B = Non-inter-level travel time spent in this place.
 C = Inter-level travel time spent in this place.
 D = Time resting spent in this place.
 E = Time spent auto-exploring this place.
 F = Levels seen in this place.
 G = Mean time per level.
                   A        B        C        D        E       F      G
               +--------+--------+--------+--------+--------+-----+--------+
         Total |  37520 |  34432 |   3088 |   6172 |  18287 |  38 |  987.4 |
       Dungeon |  13897 |  12767 |   1130 |   2462 |   7350 |  15 |  926.5 |
        Temple |    206 |    179 |     27 |      0 |    178 |   1 |  206.0 |
          Lair |   7447 |   6303 |   1144 |    697 |   3623 |   6 | 1241.2 |
         Swamp |   4130 |   3877 |    253 |    691 |   2075 |   4 | 1032.5 |
   Spider Nest |   4628 |   4324 |    304 |   1238 |   1477 |   4 | 1157.0 |
  Orcish Mines |   2419 |   2291 |    128 |    544 |    912 |   2 | 1209.5 |
   Elven Halls |     25 |     25 |      0 |      0 |      0 |   1 |   25.0 |
        Vaults |   4491 |   4390 |    101 |    540 |   2538 |   3 | 1497.0 |
         Abyss |     27 |     27 |      0 |      0 |     20 |   1 |   27.0 |
        Bazaar |    244 |    244 |      0 |      0 |    112 |   1 |  244.0 |
               +--------+--------+--------+--------+--------+-----+--------+

Top non-repeatable levels by time:
   Orc:2: 1918 daAuts
Spider:4: 1772 daAuts
  Lair:2: 1628 daAuts
Vaults:2: 1516 daAuts
Vaults:1: 1500 daAuts
Vaults:3: 1474 daAuts
  Lair:6: 1355 daAuts
  Lair:4: 1340 daAuts
    D:12: 1208 daAuts
 Swamp:2: 1175 daAuts
  Lair:5: 1162 daAuts
  Lair:3: 1106 daAuts
     D:2: 1097 daAuts
    D:14: 1084 daAuts
    D:11: 1083 daAuts
